 Dungeon Crawl Stone Soup version 0.22-a0-612-gd2f0174 (webtiles) character file.

486 Mamutox the Insei (level 7, 0/43 HPs)
             Began as an Octopode Transmuter on July 11, 2018.
             Succumbed to an orc priest's poison
             ... on level 4 of the Dungeon.
             The game lasted 00:16:20 (5227 turns).

Mamutox the Insei (Octopode Transmuter)             Turns: 5227, Time: 00:16:21

Health: 0/43       AC:  2    Str:  9    XL:     7   Next: 13%
Magic:  12/13      EV: 20    Int: 16    God:
Gold:   266        SH:  0    Dex: 19    Spells: 4/14 levels left

rFire    . . .     SeeInvis .     - Unarmed
rCold    . . .     Gourm    .   (shield currently unavailable)
rNeg     . . .     Faith    +   (helmet currently unavailable)
rPois    x         Spirit   .   s - amulet of faith
rElec    .         Reflect  .   f - ring of loudness (curse)
rCorr    .         Harm     .   (no ring)
MR       .....                  (no ring)
Stlth    +.........             (no ring)
HPRegen  0.14/turn              (no ring)
MPRegen  0.13/turn              (no ring)
                                (no ring)
                                (no ring)

@: lethally poisoned (0 -> -29), spider-form
A: tiny, almost no armour, stealthy swim, (amphibious), 8 rings, (constrict 8)
a: End Transformation


You were on level 4 of the Dungeon.
You were not hungry.
You were a venomous arachnid creature.
You visited 1 branch of the dungeon, and saw 4 of its levels.

You collected 266 gold pieces.

Inventory:

Missiles
 a - 73 arrows
 e - 133 stones
 p - 8 tomahawks (quivered)
Jewellery
 f - a cursed ring of loudness (left front leg)
 s - an amulet of faith (around neck)
Scrolls
 h - a scroll of enchant weapon {unknown}
 i - a scroll of remove curse {unknown}
 k - 2 scrolls of immolation {unknown}
 n - a scroll of enchant armour
 o - a scroll of blinking
 q - a scroll of noise {unknown}
Potions
 b - a potion of magic
 d - 3 potions of flight
 j - 2 potions of cancellation
 l - a potion of might {unknown}
 m - a potion of mutation {unknown}
 r - a potion of degeneration {unknown}
 t - 2 potions of agility {unknown}
Comestibles
 c - 7 rations


   Skills:
 - Level 1.0 Fighting
 - Level 0.2 Throwing
 - Level 2.1 Dodging
 - Level 1.4 Stealth
 + Level 4.7 Unarmed Combat
 + Level 4.0 Spellcasting
 + Level 4.0 Transmutations
 * Level 1.7 Ice Magic
 - Level 2.0 Poison Magic


You had 4 spell levels left.
You knew the following spells:

 Your Spells              Type           Power        Failure   Level  Hunger
a - Beastly Appendage     Tmut           ###...       11%         1    None
c - Ice Form              Ice/Tmut       ##......     67%         4    ####...
s - Sticks to Snakes      Tmut           ###.....     14%         2    ##.....
x - Spider Form           Tmut/Pois      ##........   32%         3    ###....

Your spell library contained the following spells:

 Spells                   Type           Power        Failure   Level  Hunger
 Blade Hands              Tmut           ###.......   83%         5    ######.


Dungeon Overview and Level Annotations

Branches:
Dungeon (4/15)
 Temple: D:4-7

Altars:
Gozag
Nemelex Xobeh
Wu Jian


Innate Abilities, Weirdness & Mutations

You cannot wear most types of armour.
You are very stealthy in the water. (Stealth+)
((You are amphibious.))
You can wear up to eight rings at the same time.
((You can use your tentacles to constrict eight enemies at once.))
((Your skin changes colour to match your surroundings (Stealth+).))
((Your rubbery body absorbs attacks. (AC +1, EV +1)))


Message History

The orc priest misses you.
You feel very sick.
The orc wizard begins to cast a cantrip, but forgets the words!
The orc wizard barely misses you.
* * * LOW HITPOINT WARNING * * *
You feel very sick.
You hit the orc wizard but do no damage.
The orc wizard is lightly wounded.
* * * LOW HITPOINT WARNING * * *
You feel very sick. The orc wizard hits you with a dagger.
* * * LOW HITPOINT WARNING * * *
The orc priest begins to cast a cantrip, but forgets the words!
The orc wizard closely misses you.
* * * LOW HITPOINT WARNING * * *
You feel sick.
The orc priest casts a cantrip, but nothing happens.
* * * LOW HITPOINT WARNING * * *
You feel very sick.
You die...

######.# #........ #
#.#......#### ##....... #.
#.#.........# #.......
###.##.#..######.#####.......
......#..# #.............
#....... #..####.......
##......# #..# #.......
#.......#######..## #.......
###......o.o.s......#
########
..........#########.#
####....).# #.# ........#.###
#.# .#####.##...# #.# #.
###.# #.# #. #.# #.# #$ #.#
#.# #. #.# #.#


You could see an orc priest and an orc wizard.

Vanquished Creatures
  An ogre (D:4)
  An orc priest (D:3)
  Terence (D:3)
  3 orc wizards
  A worker ant (D:4)
  7 gnolls
  5 adders
  An ooze (D:2)
  2 worms (D:3)
  A dart slug (D:3)
  4 leopard geckos
  15 orcs
  3 ball pythons
  5 bats
  5 giant cockroaches
  8 goblins
  9 hobgoblins
  11 jackals
  5 frilled lizards
  5 kobolds
  9 rats
102 creatures vanquished.

Notes
Turn   | Place    | Note
-------+----------+-------------------------------------------
     0 | D:1      | Mamutox the Octopode Transmuter began the quest for the Orb.
     0 | D:1      | Reached XP level 1. HP: 13/13 MP: 3/3
   146 | D:1      | Reached XP level 2. HP: 8/18 MP: 5/5
   369 | D:1      | Reached skill level 1 in Stealth
   608 | D:1      | Reached XP level 3. HP: 21/23 MP: 6/6
  1450 | D:2      | Reached XP level 4. HP: 18/28 MP: 7/7
  1654 | D:2      | Learned a level 3 spell: Spider Form
  2165 | D:2      | Reached skill level 1 in Poison Magic
  2508 | D:3      | Learned a level 2 spell: Sticks to Snakes
  2572 | D:3      | Reached XP level 5. HP: 33/33 MP: 5/9
  2574 | D:3      | Found an ornate altar of the Wu Jian Council.
  2773 | D:3      | Noticed Terence
  2783 | D:3      | Killed Terence
  2826 | D:3      | HP: 1/33 [worm (9)]
  3411 | D:3      | Reached XP level 6. HP: 38/38 MP: 7/11
  4461 | D:4      | Learned a level 4 spell: Ice Form
  4496 | D:4      | Reached skill level 1 in Ice Magic
  4752 | D:4      | Found a sparkling altar of Nemelex Xobeh.
  4752 | D:4      | Found an opulent altar of Gozag.
  4792 | D:4      | Reached XP level 7. HP: 33/43 MP: 12/12
  5226 | D:4      | HP: 2/43 [poisoned by an orc priest]
  5227 | D:4      | Succumbed to an orc priest's poison

Vault maps used:
D:1:      mrwooster_arrival_statue_3
D:2:      minmay_pentomino_u4
D:3:      lemuel_crystal_altar, uniq_terence
D:4:      grunt_temple_overflow_opulence, gammafunk_temple_overflow_statue,
          kennysheep_generic_room_4

Skill      XL: |  1  2  3  4  5  6  7 |
---------------+----------------------+-----
Stealth        | 1 |  1.4
Poison Magic   | 1 2 |  2.0
Spellcasting   | 3 4 |  4.0
Transmutations | 3 4 |  4.0
Unarmed Combat | 4 |  4.7
Ice Magic      | 1 |  1.7
Fighting       | |  1.0
Throwing       | |  0.2
Dodging        | |  2.1

Action                   |  1- 3 |  4- 6 |  7- 9 || total
-------------------------+-------+-------+-------++-------
Melee: Unarmed           |    93 |   148 |    12 ||   253
       Constrict         |    27 |    22 |       ||    49
       Tentacles         |    13 |    18 |       ||    31
       Punch             |     4 |     4 |       ||     8
       Kick              |       |     1 |       ||     1
Throw: Stone             |     3 |       |       ||     3
 Cast: Beastly Appendage |     3 |     2 |       ||     5
       Spider Form       |       |    14 |     5 ||    19
  Use: Scroll            |     2 |       |     4 ||     6
 Stab: Sleeping          |     4 |     2 |       ||     6
       Distracted        |     1 |       |       ||     1
  Eat: Chunk             |     2 |    12 |     2 ||    16
Armor: Skin              |     8 |    10 |       ||    18
Dodge: Dodged            |    72 |    95 |    13 ||   180

Table legend:
 A = Spawn XP
 B = Non-spawn XP
 C = Spawn XP percentage of total XP
 D = Spawn monster count
 E = Non-spawn monster count
 F = Spawn count percentage of total count
 G = Total turns spent on level
                    A         B        C        D         E        F      G
               +---------+---------+-------+---------+---------+-------+---------
         Total |       0 |     695 |   0.0 |       0 |     102 |   0.0 |  5227
               +---------+---------+-------+---------+---------+-------+---------
           D:1 |       0 |      38 |   0.0 |       0 |      25 |   0.0 |  1318
           D:2 |       0 |     121 |   0.0 |       0 |      30 |   0.0 |  1184
           D:3 |       0 |     312 |   0.0 |       0 |      36 |   0.0 |  1953
           D:4 |       0 |     224 |   0.0 |       0 |      11 |   0.0 |   772
               +---------+---------+-------+---------+---------+-------+---------
